 Dungeon Crawl Stone Soup version 0.18-a0-1405-g73f4075 (webtiles) character file.

328 Kidiri the Magician (level 6, -2/35 HPs)
             Began as a Deep Elf Fire Elementalist on Feb 24, 2016.
             Slain by an ogre
             ... wielding a +0 giant club
              (26 damage)
             ... on level 3 of the Dungeon.
             The game lasted 00:12:18 (4367 turns).

Kidiri the Magician (Deep Elf Fire Elementalist)    Turns: 4367, Time: 00:12:18

Health: -2/35      AC:  4    Str:  5    XL:     6   Next: 25%
Magic:  6/16       EV: 13    Int: 22    God:
Gold:   58         SH:  0    Dex: 12    Spells: 5 memorised, 2 levels left

rFire  . . .     SeeInvis .     s - -1 dagger (curse)
rCold  . . .     Gourm    .     a - +0 robe
rNeg   . . .     Faith    .     (no shield)
rPois  .         Spirit   .     g - +1 helmet
rElec  .         Dismiss  .     (no cloak)
rCorr  .         Reflect  .     (no gloves)
SustAt .         Harm     .     (no boots)
MR     +....                    (no amulet)
Stlth  ++........               u - -3 ring of dexterity (curse)
                                q - ring of protection from magic

@: very slightly contaminated, somewhat resistant to hostile enchantments,
unstealthy
A: no striking features
a: no special abilities


You were on level 3 of the Dungeon.
You were hungry.

You visited 1 branch of the dungeon, and saw 3 of its levels.

You collected 58 gold pieces.

Inventory:

Hand Weapons
 d - a +1 whip of electrocution
 n - a +0 dagger
 s - a cursed -1 dagger (weapon)
Armour
 a - a +0 robe (worn)
 g - a +1 helmet (worn)
Jewellery
 q - a ring of protection from magic (left hand)
 u - a cursed -3 ring of dexterity (right hand)
Wands
 o - a wand of digging (18/24)
Scrolls
 e - 3 scrolls of teleportation
 j - 3 scrolls of fear
Potions
 f - a potion of might
 k - a potion of flight
 l - a potion of heal wounds
 p - a potion of berserk rage
Books
 b - a book of Flames

   Spells                             Type                      Level
   a - Flame Tongue                   Conjuration/Fire             1
   b - Throw Flame                    Conjuration/Fire             2
   c - Conjure Flame                  Conjuration/Fire             3
   d - Inner Flame                    Hexes/Fire                   3
   e - Sticky Flame                   Conjuration/Fire             4
   f - Fireball                       Conjuration/Fire             5
 r - a book of the Sky

   Spells                             Type                      Level
   a - Summon Lightning Spire         Summoning/Air                4
   b - Airstrike                      Air                          4
   c - Silence                        Hexes/Air                    5
   d - Deflect Missiles               Charms/Air                   6
   e - Conjure Ball Lightning         Conjuration/Air              6
   f - Tornado                        Air                          9
Comestibles
 c - 5 bread rations
 i - 2 beef jerkies
 m - a meat ration


   Skills:
 + Level 1.7 Fighting
 + Level 3.6 Dodging
 + Level 3.7 Stealth
 * Level 5.4 Spellcasting
 + Level 1.9 Conjurations
 + Level 2.1 Hexes
 + Level 4.2 Fire Magic


You had 2 spell levels left.
You knew the following spells:

 Your Spells              Type           Power        Failure   Level  Hunger
a - Flame Tongue          Conj/Fire      ###..        3%          1    None
b - Throw Flame           Conj/Fire      ###...       6%          2    None
c - Conjure Flame         Conj/Fire      ###.....     12%         3    ##.....
d - Inner Flame           Hex/Fire       ###.....     10%         3    ##.....
e - Sticky Flame          Conj/Fire      ###.....     34%         4    ####...


Dungeon Overview and Level Annotations

Branches:
Dungeon (3/15)

Altars:
Sif Muna
Trog
Yredelemnul


Message History

Unknown command.
Casting: Flame Tongue
Confirm with . or Enter, or press ? or * to list all spells.
Aiming: Sticky Flame
Press: ? - help, Shift-Dir - straight line, f/p - ogre
Aim: an ogre, wielding a giant club (lightly wounded)
You miscast Sticky Flame.
You are very lightly contaminated with residual magic.
Your skin tingles.
The ogre hits you with a giant club!
Casting: Sticky Flame
Confirm with . or Enter, or press ? or * to list all spells.
Aiming: Sticky Flame
Press: ? - help, Shift-Dir - straight line, f/p - ogre
Aim: an ogre, wielding a giant club (lightly wounded)
The sticky flame hits the ogre.
The ogre is moderately wounded.
The ogre is covered in liquid flames!
The ogre burns!
The ogre hits you with a giant club!!
Ouch! That really hurt!
You die...

.(...................#.##.#
...)...#....###........##.#
.......#....# ##........#.#
.......#....# #........#.#
.......#....# #........#.#
......#####.# #........#.#
........# .# #####....#.# #
.)....###
#.########....#.###.###
#.....#
#.....@O.........(.....
#.....#
######........#.#######
......# #........#........
....### #........#########
....# #........# ....#
#....##### ....# #....#
....# #....###### #####
#.........##


You could see an ogre (burning).

Vanquished Creatures
  The ghost of Kidiri the Magician, an amateur DEFE (D:3)
  An orc priest (D:1)
  An orc wizard (D:1)
  Terence (D:2)
  Robin (D:2)
  6 adders
  2 worms (D:2)
  3 dart slugs (D:1)
  2 giant geckos
  12 orcs
  2 giant cockroaches
  11 goblins
  11 hobgoblins
  5 jackals
  5 kobolds
  A quokka (D:3)
  A ball python (D:3)
  7 bats
  6 giant newts
  11 rats
90 creatures vanquished.

Notes
Turn   | Place    | Note
--------------------------------------------------------------
     0 | D:1      | Kidiri the Deep Elf Fire Elementalist began the quest for the Orb.
     0 | D:1      | Reached XP level 1. HP: 10/10 MP: 6/6
   389 | D:1      | Reached XP level 2. HP: 15/15 MP: 6/8
   393 | D:1      | Learned a level 2 spell: Throw Flame
  1396 | D:2      | Reached XP level 3. HP: 18/20 MP: 3/10
  1403 | D:2      | Learned a level 3 spell: Conjure Flame
  1407 | D:2      | Learned a level 3 spell: Inner Flame
  1485 | D:2      | Found a basalt altar of Yredelemnul.
  1537 | D:2      | Noticed Terence
  1746 | D:1      | Reached skill level 4 in Spellcasting
  1746 | D:1      | Reached skill level 1 in Hexes
  1765 | D:1      | Reached XP level 4. HP: 22/24 MP: 0/12
  2428 | D:2      | Noticed Robin
  2502 | D:2      | Killed Robin
  2502 | D:2      | Reached skill level 1 in Fighting
  2507 | D:2      | Reached XP level 5. HP: 27/29 MP: 3/13
  2517 | D:1      | Learned a level 4 spell: Sticky Flame
  3057 | D:2      | Killed Terence
  3154 | D:2      | Found a deep blue altar of Sif Muna.
  3412 | D:3      | Found a bloodstained altar of Trog.
  3534 | D:3      | Reached skill level 5 in Spellcasting
  3977 | D:3      | Noticed Kidiri's ghost (amateur DEFE)
  4123 | D:3      | Killed Kidiri's ghost
  4123 | D:3      | Reached XP level 6. HP: 29/35 MP: 3/16
  4367 | D:3      | Slain by an ogre

Vault maps used:
D:1:      evilmike_arrival_hilbert_curve
D:2:      old_standard_altar, lemuel_coloured_pillars_altar, uniq_terence,
          uniq_robin
D:3:      bloody_trog

Skill      XL: |  1  2  3  4  5 |
---------------+----------------+-----
Stealth        | 3 |  3.7
Spellcasting   | 4 5 |  5.4
Hexes          | 1 2 |  2.1
Dodging        | 3 |  3.6
Fighting       | 1 |  1.7
Fire Magic     | 4 |  4.2
Conjurations   | |  1.9

Action                   |  1- 3 |  4- 6 || total
-------------------------+-------+-------++-------
Melee: Club              |     5 |    11 ||    16
       Dagger            |       |     8 ||     8
       Whip              |       |     4 ||     4
 Cast: Flame Tongue      |    43 |    84 ||   127
       Throw Flame       |    11 |    38 ||    49
       Conjure Flame     |     1 |     4 ||     5
       Sticky Flame      |       |     4 ||     4
  Use: Scroll            |       |     9 ||     9
 Stab: Sleeping          |       |     1 ||     1
  Eat: Chunk             |     2 |     9 ||    11
